 Dungeon Sprint DCSS version 0.31-a0-728-g01b46875f1 (webtiles) character file.

Game seed: 11362874001992235222

101 sircluck the Ruffian (level 4, -4/75 HPs)
             Began as a Troll Berserker on Sept 11, 2023.
             Was a Follower of Trog.
             Slain by a molten gargoyle
             ... wielding a +0 mace
              (14 damage)
             ... in the Dungeon (Sprint VII: "The Pits").
             The game lasted 00:00:16 (72 turns).

sircluck the Ruffian (Troll Berserker)                Turns: 72, Time: 00:00:17

Health: -4/75      AC:  4    Str: 27    XL:     4   Next: 48%
Magic:  3/3        EV: 10    Int:  3    God:    Trog [*.....]
Gold:   0          SH:  0    Dex:  9    Spells: 3/3 levels left

rFire   . .          .
                       - Unarmed
rCold   . . .        (no shield)
rNeg    . . .        a - +0 animal skin
rPois   .            (helmet restricted)
rElec   .            (no cloak)
rCorr   .            (gloves unavailable)
SInv    .            (boots unavailable)
Will    .....        (no amulet) Stlth
                     (no ring)
HPRegen 1.12/turn    (no ring)
MPRegen 0.08/turn

%: no teleportation
@: berserking, very quick
A: large, unfitting armour, claws 3, regeneration 1, shaggy fur 1, tough skin 1
a: Renounce Religion, Berserk


You were in the Dungeon.
You worshipped Trog.
Trog was aware of your devotion.
You visited 1 branch

Inventory:

Armour
 a - a +0 animal skin (worn)
Scrolls
 g - a scroll of blinking
Potions
 b - a potion of curing
 c - a potion of heal wounds
 d - a potion of haste
 e - 2 potions of magic
 f - a potion of berserk rage


   Skills:
 + Level 5.0 Fighting
 + Level 4.9 Dodging
 + Level 5.9 Unarmed Combat


You had 3 spell levels left.
You didn't know any spells.
Your spell library was empty.

Dungeon Overview and Level Annotations

Branches:
Dungeon (1/1)

Altars:


Innate Abilities, Weirdness & Mutations

You are too large for most types of armour.
You have claws for hands.
Your natural rate of healing is unusually fast.
You are covered in fur. (AC +1)
You have tough skin. (AC +1)


Message History

Your Dodging skill gained 2 levels and is now at level 4!
Your Unarmed Combat skill gained 2 levels and is now at level 5!
You have reached level 2!
You have reached level 3!
Your experience leads to an increase in your attributes!
Increase (S)trength, (I)ntelligence, or (D)exterity?
You feel stronger. x3
You have reached level 4!
Unknown command.
There is a huge open gate to the Metal Vault (Medium) here.
There is a huge open gate to the Metal Vault (Medium) here.
A molten gargoyle comes into view. It is wielding a +0 mace.
There is a huge open gate to the Metal Vault (Medium) here.
There is a huge open gate to the Metal Vault (Medium) here.
You close the huge gate.
You start waiting.
A molten gargoyle opens the gate.
It is wielding a +0 mace.
A red film seems to cover your vision as you go berserk!
You feel yourself moving faster!
You feel mighty!
You feel a strong urge to attack something.
The molten gargoyle hits you with a +0 mace.
You are engulfed in flames!
There is a huge broken gate to the Metal Vault (Medium) here.
You scratch the molten gargoyle.
The molten gargoyle is lightly damaged.
The molten gargoyle hits you with a +0 mace!
You are engulfed in flames!
You barely miss the molten gargoyle.
The molten gargoyle is lightly damaged.
You barely miss the molten gargoyle.
The molten gargoyle is lightly damaged.
The molten gargoyle blasts magma at you!
The bolt of magma hits you!!
* * * LOW HITPOINT WARNING * * *
You scratch the molten gargoyle.
The molten gargoyle is lightly damaged.
You scratch the molten gargoyle.
The molten gargoyle is moderately damaged.
The molten gargoyle hits you with a +0 mace!
You die...

##########++######
#................#
#......#..#......#
#................+
+................+
#......#..#......#
#................#
####'#####@'######
#.......##9'#
#.......##..#
#.......##..#
#...<...##..#
#.......##..#
#.......##..#
#.......##...
##########...


You could see a molten gargoyle.

Vanquished Creatures
  A floating eye (D)
1 creature vanquished.

Notes
Turn   | Place    | Note
-------+----------+-------------------------------------------
     0 | D        | sircluck the Troll Berserker began the quest for the Orb.
     0 | D        | Reached XP level 1. HP: 22/22 MP: 0/0
    12 | D        | Noticed a floating eye
    39 | D        | Paralysed by a floating eye for 4 turns
    47 | D        | Killed a floating eye
    48 | D        | Reached skill level 5 in Fighting
    48 | D        | Reached skill level 5 in Unarmed Combat
    48 | D        | Reached XP level 2. HP: 35/35 MP: 1/1
    48 | D        | Reached XP level 3. HP: 42/42 MP: 2/2
    48 | D        | Reached XP level 4. HP: 50/50 MP: 3/3
    58 | D        | Noticed a molten gargoyle
    72 | D        | Slain by a molten gargoyle

Illustrated notes

Levels and vault maps discovered:
D:        pitsprint [storerooms_1, entrance_room_1, metal_vault_3, armoury_1,
          mini_pit_1, grid_room_1, main_hall_1, silver_pit, the_coven_2,
          the_vestibule_1, steel_vault_5, golden_pit, hallway_of_sentries,
          crystal_vault_4, iron_vault_5, final_vault]

Skill      XL: |  1 |
---------------+----+-----
Fighting       | 5 |  5.0
Dodging        | 4 |  4.9
Unarmed Combat | 5 |  5.9

Action                     |  1- 3 |  4- 6 || total
---------------------------+-------+-------++-------
  Melee: Unarmed           |     5 |     5 ||    10
 Invoke: Berserk           |       |     1 ||     1
 Armour: Animal skin       |       |     4 ||     4

Table legend: (Time is in decaauts)
 A = Elapsed time spent in this place.
 B = Non-inter-level travel time spent in this place.
 C = Inter-level travel time spent in this place.
 D = Time resting spent in this place.
 E = Time spent auto-exploring this place.
 F = Levels seen in this place.
 G = Mean time per level.
                   A        B        C        D        E       F      G
               +--------+--------+--------+--------+--------+-----+--------+
         Total |     69 |     69 |      0 |      4 |     12 |   1 |   69.0 |
       Dungeon |     69 |     69 |      0 |      4 |     12 |   1 |   69.0 |
               +--------+--------+--------+--------+--------+-----+--------+

Top non-repeatable levels by time:
       D: 69 daAuts
